 Dungeon Crawl Stone Soup version 0.27.1-34-g3ba077fa99 (webtiles) character file.

Game seed: 3913354722332585877

481 zeram the Chopper (level 7, -10/57 HPs)
             Began as a Hill Orc Fighter on Jan 2, 2022.
             Splashed by an acid dragon's acid (13 damage)
             ... on level 5 of the Dungeon.
             The game lasted 00:04:42 (4010 turns).

zeram the Chopper (Hill Orc Fighter)                Turns: 4010, Time: 00:04:42

Health: -10/57     AC:  8    Str: 21    XL:     7   Next: 12%
Magic:  7/7        EV:  8    Int:  8    God:
Gold:   191        SH:  9    Dex: 10    Spells: 6/6 levels left

rFire    . . .     SeeInvis .   a - +0 war axe
rCold    . . .     Faith    .   c - +0 kite shield
rNeg     . . .     Spirit   .   b - +0 scale mail
rPois    .         Reflect  .   q - +0 helmet
rElec    .         Harm     .   (no cloak)
rCorr    .         Rampage  .   (no gloves)
Will     .....                  (no boots)
Stlth    ..........             (no amulet)
HPRegen  0.19/turn              (no ring)
MPRegen  0.10/turn              (no ring)

@: no status effects
A: no striking features
a: no special abilities


You were on level 5 of the Dungeon.
You visited 1 branch of the dungeon, and saw 5 of its levels.

You collected 191 gold pieces.

Inventory:

Hand Weapons
 a - a +0 war axe (weapon)
Missiles
 h - 27 poisoned darts (quivered)
Armour
 b - a +0 scale mail (worn)
 c - a +0 kite shield (worn)
 q - a +0 helmet (worn)
Jewellery
 i - an amulet of magic regeneration
Wands
 p - a wand of mindburst (14)
Scrolls
 f - a scroll of immolation {unknown}
 g - 2 scrolls of teleportation {unknown}
 k - 3 scrolls of fear {unknown}
 l - a scroll of holy word {unknown}
 m - a scroll of torment {unknown}
 r - a scroll of amnesia {unknown}
 s - a scroll of identify
 t - a scroll of enchant weapon {unknown}
Potions
 d - 6 potions of might
 e - a potion of haste
 j - a potion of invisibility
 n - a potion of ambrosia
 o - a potion of cancellation {unknown}
 u - a potion of heal wounds {unknown}


   Skills:
 - Level 3.6 Fighting
 + Level 7.3 Axes
 + Level 5.1 Armour
 + Level 1.2 Dodging
 + Level 4.6 Shields


You had 6 spell levels left.
You didn't know any spells.
Your spell library contained the following spells:

 Spells                   Type           Power      Damage    Failure   Level
 Gell's Gravitas          Tloc           0%         N/A       100%        3
 Lesser Beckoning         Tloc           0%         N/A       100%        3
 Teleport Other           Tloc           0%         N/A       100%        3


Dungeon Overview and Level Annotations

Branches:
Dungeon (5/15)
 Temple: D:4-7

Altars:
Uskayaw

Shops:
D:2 !   D:4 !


Message History

You block the water moccasin zombie's attack.
You hit the water moccasin zombie.
The water moccasin zombie is lightly damaged.
The water moccasin zombie closely misses you.
The water moccasin zombie bites you.
You slash the water moccasin zombie!
The water moccasin zombie is heavily damaged.
The water moccasin zombie bites you.
You slash the water moccasin zombie!
The water moccasin zombie is almost destroyed.
The water moccasin zombie barely misses you.
You block the water moccasin zombie's attack.
You closely miss the water moccasin zombie.
The water moccasin zombie is almost destroyed.
The water moccasin zombie barely misses you.
The water moccasin zombie bites you but does no damage.
You closely miss the water moccasin zombie.
The water moccasin zombie is almost destroyed.
The water moccasin zombie bites you.
You slash the water moccasin zombie!
You destroy the water moccasin zombie!
You have reached level 7!
An acid dragon comes into view.
An acid dragon is nearby!
An acid dragon is nearby!
An acid dragon is nearby!
The acid dragon spits acid at you. The splash of acid hits you!
The acid corrodes you!
You are splashed with acid!
You are too injured to fight recklessly!
You are too injured to fight recklessly!
You are no longer corroded.
There is a stone staircase leading down here.
The acid dragon spits acid at you. The splash of acid hits you!
You are splashed with acid!
* * * LOW HITPOINT WARNING * * *
The acid dragon spits acid at you. The splash of acid hits you.
* * * LOW HITPOINT WARNING * * *
You are splashed with acid!
You die...

w###.###.##..#
#.##..## #.##...# .#
#.##.#.# #.#
#..D.#D# #.#
####.#.# #.# #.#.#
#.# #.#.# #.#
..#@#######.# #
###.........######.#
########.........#
##.##..####
#.###.#### #.#
#...§. #.# #§≈≈≈§ #
#.###§..§. #.
#.##..≈.≈§


You could see an acid dragon (catching breath).

Vanquished Creatures
  A necrophage (D:4)
  A water moccasin zombie (D:5)
  2 bullfrog zombies (D:5)
  2 hounds (D:4)
  2 iguanas
  A hound zombie (D:5)
  5 adders
  A white imp (D:5)
  An adder zombie (D:5)
  3 worms
  2 dart slugs
  6 orcs
  7 ball pythons
  3 bats
  5 endoplasms
  2 giant cockroaches
  7 goblins
  7 hobgoblins
  A jackal (D:2)
  6 kobolds
  A quokka (D:2)
  2 frilled lizards
  5 rats
73 creatures vanquished.

Vanquished Creatures (others)
  2 plants (D:5)
  2 withered plants (D:5)
4 creatures vanquished.

Grand Total: 77 creatures vanquished

Notes
Turn   | Place    | Note
-------+----------+-------------------------------------------
     0 | D:1      | zeram the Hill Orc Fighter began the quest for the Orb.
     0 | D:1      | Reached XP level 1. HP: 19/19 MP: 1/1
   134 | D:1      | Found a faded altar of an unknown god.
   156 | D:1      | Reached skill level 3 in Axes
   156 | D:1      | Reached XP level 2. HP: 19/26 MP: 2/2
   485 | D:1      | Found Sudy's Antique Armour Shop.
   827 | D:2      | Reached XP level 3. HP: 12/31 MP: 3/3
  1069 | D:2      | Found Diqik's Distillery.
  1168 | D:2      | Reached skill level 4 in Axes
  1634 | D:2      | Reached XP level 4. HP: 39/39 MP: 4/4
  2692 | D:4      | Reached skill level 5 in Axes
  2692 | D:4      | Reached XP level 5. HP: 45/45 MP: 5/5
  3203 | D:4      | Noticed a necrophage
  3212 | D:4      | Killed a necrophage
  3213 | D:4      | Reached skill level 6 in Axes
  3213 | D:4      | Reached skill level 1 in Dodging
  3213 | D:4      | Reached XP level 6. HP: 48/51 MP: 6/6
  3256 | D:4      | Found Riecef's Distillery.
  3581 | D:5      | Entered Level 5 of the Dungeon
  3581 | D:5      | Found a hide-covered altar of Uskayaw.
  3886 | D:5      | Reached skill level 7 in Axes
  3886 | D:5      | Reached skill level 5 in Armour
  3943 | D:5      | Reached XP level 7. HP: 44/57 MP: 7/7
  4010 | D:5      | Splashed by an acid dragon's acid

Illustrated notes

Levels and vault maps discovered:
D:1:      minmay_arrival_four_loops, layout_basic, serial_shops, shop,
          shapermc_ecumenical_altar_flowoftime, item_on_display_a
D:2:      kennysheep_six_static_rooms, layout_rooms, serial_shops, shop,
          fountainhead, chequers_serial_rivers_micro_b
D:3:      layout_loops_cross, serial_bayou_ford_a
D:4:      layout_loops_ring, serial_shops,
          nicolae_shop_temple_entry_statues_fountains
D:5:      layout_loops_ring, mainiacjoe_overflow_cross_hatched,
          kiku_gazebo_garden_becter, nicolae_yredelemnul_corpse_copse,
          minmay_temple_entry_mini_moons, gammafunk_ghost_hive, serial_shops,
          nicolae_shop_overgrown_old_shop, minmay_holes, minmay_misc_feat_x,
          uniq_duvessa, uniq_eustachio

Skill      XL: |  1  2  3  4  5  6 |
---------------+-------------------+-----
Axes           | 3 4 5 6 7 |  7.3
Armour         | 4 5 |  5.1
Shields        | 4 |  4.6
Dodging        | 1 |  1.2
Fighting       | |  3.6

Action                   |  1- 3 |  4- 6 |  7- 9 || total
-------------------------+-------+-------+-------++-------
Melee: War axe           |    95 |   146 |       ||   241
  Use: Scroll            |       |     3 |       ||     3
Armor: Scale mail        |    46 |    53 |       ||    99
Dodge: Dodged            |    31 |    43 |       ||    74
Block: Kite shield       |    38 |    77 |       ||   115
